Map: [ESL] Crimson Court

Players

MaNa

  • Race: Protoss Protoss
  • Spawn Location: 7:00

Lambo - Winner!

  • Race: Zerg Zerg
  • Spawn Location: 1:00

Event: ESL SC2 Masters 2024 Spring (Regional)

VOD

Have the link to the VOD?

Description

Time

  • Played on: April 27, 2024, 10:11 a.m.
  • Length: 10:57

All games in this series

Show
View Real Time Build Order
Export as new Build Order

MaNa Protoss 

Build Orders: 1 Gate Expand, Oracle Opening, Archon Immortal, Archon Drop 

Get SALT Encoding   

  12  0:00  Probe  
  13  0:12  Probe  
  14  0:19  Pylon  
  14  0:24  Probe  
  15  0:37  Probe (Chrono Boost)  
  16  0:46  Probe (Chrono Boost)  
  16  0:47  Gateway  
  17  0:51  Probe (Chrono Boost)  
  17  0:55  Assimilator  
  18  1:03  Probe (Chrono Boost)  
  19  1:12  Probe (Chrono Boost)  
  19  1:17  Probe (Chrono Boost)  
  21  1:31  Nexus  
  21  1:39  Cybernetics Core  
  21  1:41  Probe  
  22  1:47  Assimilator  
  22  1:53  Pylon  
  22  1:56  Probe  
  23  2:11  Probe  
  23  2:12  Adept (Chrono Boost)  
  26  2:17  Stargate  
  26  2:23  Probe  
  27  2:30  Warp Gate  
  27  2:35  Probe  
  27  2:36  Stalker  
  30  2:45  Probe (Chrono Boost)  
  32  2:53  Probe (Chrono Boost)  
  32  2:56  Probe (Chrono Boost)  
  33  3:01  Probe x2 (Chrono Boost)  
  33  3:02  Oracle (Chrono Boost)  
  38  3:11  Probe x2  
  40  3:23  Probe  
  40  3:24  Probe  
  42  3:29  Robotics Facility  
  42  3:30  Assimilator  
  42  3:32  Assimilator  
  42  3:36  Probe x2  
  42  3:37  Pylon  
  44  3:46  Twilight Council  
  44  3:48  Probe x2  
  46  3:50  Gateway x2  
  46  3:59  Pylon  
  46  4:00  Probe x2  
  48  4:12  Probe x2  
  48  4:14  Warp Prism (Chrono Boost)  
  52  4:25  Gateway  
  52  4:26  Probe x2  
  52  4:27  Templar Archives  
  54  4:31  Pylon  
  54  4:38  Probe  
  55  4:39  Probe  
  55  4:45  Adept x2  
  60  4:57  Nexus  
  60  5:03  Pylon  
  60  5:09  High Templar x3  
  60  5:10  Probe x2  
  68  5:15  Forge  
  68  5:19  High Templar  
  68  5:21  Observer (Chrono Boost)  
  70  5:22  Archon, Shield Battery  
  70  5:23  Archon  
  70  5:25  Probe x2  
  73  5:31  Pylon  
  73  5:32  Pylon  
  73  5:37  Immortal (Chrono Boost), Probe  
  78  5:49  Charge, Protoss Ground Weapons Level 1, Probe x2  
  80  6:01  Probe x2  
  80  6:02  Zealot x2, Sentry x2  
  90  6:13  Immortal (Chrono Boost)  
  90  6:14  Probe x2  
  96  6:26  Probe  
  96  6:30  Probe  
  96  6:31  Robotics Facility  
  98  6:34  Probe  
  98  6:36  Zealot x4  
  98  6:38  Probe  
  104  6:42  Observer, Probe  
  104  6:45  Shield Battery  
  104  6:46  Probe  
  104  6:47  Assimilator  
  104  6:51  Pylon, Assimilator, Probe  
  104  6:52  Pylon  
  105  7:00  Pylon  
  105  7:03  Pylon  
  105  7:05  Immortal  
  109  7:12  Psionic Storm  
  109  7:14  Gateway  
  109  7:16  Gateway  
  109  7:18  Probe x2  
  109  7:19  Pylon  
  109  7:21  High Templar x2  
  109  7:22  Zealot x2  
  119  7:33  Gateway  
  119  7:35  Gateway  
  123  7:37  Immortal (Chrono Boost)  
  123  7:43  Immortal (Chrono Boost)  
  121  7:57  Cybernetics Core  
  114  8:04  Shield Battery  
  114  8:09  Warp Prism (Chrono Boost)  
  110  8:13  Zealot x5  
  114  8:28  High Templar  
  114  8:33  High Templar x4  
  124  8:40  Zealot x2  
  126  8:42  Immortal  
  123  8:53  Archon  
  116  9:01  Zealot  
  116  9:02  Zealot x2  
  116  9:06  Zealot x4  
  102  9:17  Archon x2  
  102  9:23  Zealot x3  
  86  9:26  Probe  
  86  9:27  Probe  
  80  9:36  High Templar x4  
  84  9:39  Probe  
  84  9:42  Archon  
  84  9:43  Archon  
  81  9:48  Zealot x3  
  77  10:09  Zealot x7  
  70  10:29  Zealot x5  
  80  10:38  Zealot x2  
Show
View Real Time Build Order
Export as new Build Order

Lambo Zerg - Winner!

Build Orders: Hatch First, Roach Hydra 

Get SALT Encoding   

  12  0:00  Drone  
  13  0:12  Overlord  
  13  0:17  Drone  
  14  0:31  Drone x2  
  16  0:41  Drone  
  17  0:51  Hatchery  
  17  0:54  Drone  
  17  0:59  Drone  
  18  1:08  Extractor  
  17  1:14  Spawning Pool  
  17  1:16  Drone  
  17  1:20  Drone  
  18  1:28  Drone  
  19  1:40  Drone  
  20  1:50  Overlord  
  20  2:00  Queen  
  22  2:03  Drone, Queen  
  22  2:04  Zergling x2  
  26  2:10  Metabolic Boost  
  26  2:12  Zergling x2  
  26  2:15  Drone  
  28  2:22  Drone  
  29  2:26  Drone  
  30  2:34  Drone  
  31  2:37  Drone  
  31  2:42  Hatchery  
  31  2:45  Queen  
  31  2:51  Overlord  
  33  2:54  Zergling x2, Drone  
  35  3:00  Drone  
  35  3:08  Queen  
  35  3:10  Overlord  
  37  3:14  Drone x3  
  37  3:15  Drone  
  41  3:21  Drone x2  
  42  3:27  Queen  
  42  3:30  Drone x2  
  42  3:31  Drone  
  47  3:35  Drone  
  47  3:40  Drone  
  48  3:43  Drone x3  
  51  3:53  Queen  
  51  3:54  Roach Warren  
  52  3:55  Unknown  
  52  3:56  Drone  
  52  3:57  Drone x2  
  54  4:05  Drone x4  
  54  4:07  Drone  
  56  4:18  Spore Crawler  
  56  4:19  Drone x3  
  56  4:21  Overlord  
  56  4:22  Overlord  
  57  4:29  Overlord  
  57  4:35  Overlord  
  57  4:36  Overlord  
  57  4:37  Lair  
  57  4:39  Drone  
  57  4:40  Drone x2  
  57  4:43  Drone x2  
  64  4:45  Roach  
  64  4:49  Spore Crawler  
  64  4:50  Roach  
  65  4:53  Roach x2  
  65  4:58  Roach x2  
  73  5:01  Roach, Zergling x2  
  73  5:05  Zergling x6  
  79  5:08  Spore Crawler  
  79  5:12  Zergling x4  
  80  5:14  Drone x3  
  80  5:15  Drone  
  80  5:16  Drone  
  80  5:17  Drone  
  80  5:20  Evolution Chamber  
  85  5:23  Drone  
  85  5:24  Drone  
  85  5:25  Extractor  
  85  5:27  Overlord  
  86  5:28  Drone  
  86  5:29  Drone  
  86  5:30  Drone  
  86  5:33  Roach  
  91  5:43  Roach x4  
  91  5:47  Glial Reconstitution  
  91  5:49  Zerg Missile Weapons Level 1  
  96  5:53  Drone  
  96  5:54  Drone x5  
  96  5:56  Drone x2  
  101  5:58  Drone  
  101  6:02  Drone, Extractor  
  101  6:03  Overseer, Extractor  
  101  6:04  Hydralisk Den  
  101  6:09  Roach x2  
  105  6:11  Drone  
  105  6:15  Overlord x2  
  105  6:16  Overlord  
  105  6:17  Overlord  
  105  6:20  Overlord  
  105  6:22  Overlord  
  105  6:24  Overlord  
  103  6:27  Drone x2  
  103  6:31  Drone  
  105  6:34  Grooved Spines  
  105  6:37  Roach  
  105  6:38  Roach x3  
  112  6:42  Roach x3  
  118  6:50  Hydralisk  
  118  6:51  Hydralisk x2  
  124  6:58  Hydralisk x3  
  129  7:03  Hydralisk x2  
  129  7:07  Hydralisk x2  
  137  7:17  Hatchery  
  137  7:19  Hydralisk x3  
  137  7:21  Ravager x3  
  145  7:24  Muscular Augments  
  145  7:26  Roach x3  
  145  7:29  Roach x2  
  154  7:35  Overlord x2  
  154  7:36  Overlord  
  154  7:40  Overlord  
  154  7:42  Overlord  
  154  7:50  Overlord  
  154  7:56  Roach x7  
  154  7:57  Ravager x3  
  169  7:59  Roach  
  169  8:04  Roach x3  
  177  8:07  Roach x2  
  177  8:09  Roach  
  171  8:13  Roach x3  
  171  8:17  Roach  
  163  8:22  Roach  
  163  8:25  Ravager x3  
  166  8:28  Hydralisk  
  166  8:32  Hydralisk  
  166  8:33  Roach  
  172  8:34  Zergling x14  
  172  8:37  Roach  
  181  8:48  Roach x4  
  174  8:51  Roach  
  172  8:59  Roach x9  
  180  9:03  Roach x2  
  180  9:09  Roach x3  
  187  9:11  Hydralisk  
  172  9:18  Roach x3  
  172  9:19  Overseer  
  172  9:23  Hydralisk x2  
  157  9:27  Roach x2  
  157  9:29  Hydralisk  
  134  9:32  Hydralisk x2  
  134  9:38  Roach x2  
  136  9:39  Roach  
  136  9:43  Roach x2  
  139  9:45  Roach  
  139  9:49  Roach  
  139  9:50  Roach  
  143  9:56  Roach x3  
  143  9:58  Roach  
  143  9:59  Hydralisk  
  147  10:03  Hydralisk x2  
  147  10:04  Ravager  
  148  10:12  Hydralisk x3  
  144  10:16  Hydralisk x2  
  144  10:21  Hydralisk  
  142  10:28  Hydralisk x2  
  134  10:33  Hydralisk  
Tags
 
Add a new tag
Caveats
  • Supply blocks, unpowered buildings, or Contaminate may cause inaccurate times.
  • Supply counts are checked every 10 seconds.